 Dungeon Crawl Stone Soup version 0.31.0 (webtiles) character file.

Game seed: 6047831934496054451

156701 SCHOOLBUS the Severer (level 17, 0/243 HPs)
             Began as a Minotaur Berserker on Jan 20, 2024.
             Was a High Priest of Trog.
             Hit by a javelin thrown by a merfolk javelineer (1 damage)
             ... on level 4 of the Shoals.
             The game lasted 01:00:25 (34136 turns).

SCHOOLBUS the Severer (Minotaur Berserker)         Turns: 34136, Time: 01:00:25

Health: 0/243      AC: 27    Str: 29    XL:     17   Next: 11%
Magic:  16/16      EV: 13    Int:  6    God:    Trog [*****.]
Gold:   1641       SH: 24    Dex: 11    Spells: 16/16 levels left

rFire   + + .        F - +3 broad axe (flame)
rCold   + + +        a - +2 tower shield {rC+}
rNeg    + . .        h - +4 chain mail {rF+}
rPois   .            k - +2 hat {SInv}
rElec   .            M - scarf {rC+ rF+}
rCorr   .            n - +2 pair of gloves {Stlth+}
SInv    +            U - +3 pair of mountain boots {steadfast, rC+}
Will    ++++.        X - amulet of reflection Stlth
                     m - ring of willpower
HPRegen 1.60/turn    s - ring of the Bellicose God {rC++ rN+ Int+2}
MPRegen 0.15/turn

%: reflection
@: berserking (expiring), strong-willed, regenerating, slow
A: horns 2, retaliatory headbutt
a: Renounce Religion, Berserk, Trog's Hand, Brothers in Arms


You were on level 4 of the Shoals.
You worshipped Trog.
Trog was extremely pleased with you.
You visited 4 branches of the dungeon, and saw 26 of its levels.
You also visited: Ice Cave.

You collected 3785 gold pieces.
You spent 2144 gold pieces at shops.

Inventory:

Hand Weapons
 F - a +3 broad axe of flaming (weapon)
Missiles
 A - 2 throwing nets (quivered)
Armour
 a - a +2 tower shield of cold resistance (worn)
 h - a +4 chain mail of fire resistance (worn)
 k - a +2 hat of see invisible (worn)
 n - a +2 pair of gloves of stealth (worn)
 M - a scarf of resistance (worn)
 U - the +3 pair of mountain boots (worn) {steadfast, rC+}
   (You acquired it in an ice cave)

   Steadfast: It prevents involuntary movement, except for blinking,
   teleportation, or banishment.
   rC+:       It protects you from cold.
Jewellery
 m - a ring of willpower (left hand)
 s - the ring of the Bellicose God (right hand) {rC++ rN+ Int+2}
   (You bought it in a shop on level 15 of the Dungeon)

   [ring of positive energy]

   Int+2:     It affects your intelligence (+2).
   rC++:      It greatly protects you from cold.
   rN+:       It protects you from negative energy.
 J - the amulet of Laileaj {RegenMP rPois rN+ Str+3 Dex-5}
   (You acquired it in an ice cave)

   [amulet of magic regeneration]

   RegenMP:   It increases your rate of magic regeneration.
   Str+3:     It affects your strength (+3).
   Dex-5:     It affects your dexterity (-5).
   rPois:     It protects you from poison rN+: It protects you from negative
   energy.
 X - an amulet of reflection (around neck)
Wands
 j - a wand of charming (22)
 q - a wand of mindburst (7)
 v - a wand of digging (8)
 E - a wand of flame (43)
 G - a wand of light (12)
 P - a wand of polymorph (2)
 S - a wand of iceblast (11)
Scrolls
 b - 5 scrolls of teleportation
 c - a scroll of torment
 e - 5 scrolls of enchant weapon
 f - a scroll of fog
 g - 6 scrolls of enchant armour
 p - 5 scrolls of immolation
 r - 3 scrolls of vulnerability
 t - 3 scrolls of poison
 u - 3 scrolls of identify
 y - 2 scrolls of brand weapon
 B - a scroll of silence
 H - 3 scrolls of fear
Potions
 d - 13 potions of curing
 l - 5 potions of lignification
 o - a potion of cancellation
 x - 5 potions of attraction
 z - 3 potions of resistance
 C - a potion of ambrosia {unknown}
 D - 7 potions of invisibility
 K - a potion of magic
 L - a potion of might
 Q - a potion of berserk rage
 V - 3 potions of enlightenment
 W - a potion of mutation
 Y - a potion of brilliance
Miscellaneous
 i - a lightning rod (4/4)
 w - a phial of floods
 O - a sack of spiders (inert)
 R - a condenser vane
 T - a phantom mirror


   Skills:
 + Level 17.5 Fighting
 + Level 17.6 Axes
 + Level 14.9 Armour
 + Level 13.7 Dodging
 + Level 14.6 Shields
 + Level 11.1 Evocations


You had 16 spell levels left.
You didn't know any spells.
Your spell library was empty.

Dungeon Overview and Level Annotations

Branches:
Dungeon (15/15)            Temple (0/1) D:4            Lair (5/5) D:10
 Shoals (4/4) Lair:3       Spider (0/4) Lair:3        Slime (0/5) Lair:5
    Orc (2/2) D:10            Elf (0/3) Orc:2        Vaults (0/5) D:13
 Depths (0/4) D:15          IceCv (visited)

Altars:
Ashenzari
Elyvilon
Fedhas
Gozag
Kikubaaqudgha
Nemelex Xobeh
Okawaru
Qazlal
Ru
Sif Muna
Uskayaw
Wu Jian
Jiyva
Lugonu

Shops:
D:15 =(   Orc:2 *[(:   Shoals:1 =   Shoals:4 [

Portals:
Abyss: Lair:5

Annotations:
D:9 3 runed translucent doors, Sweeb's ghost, novice DsGl


Innate Abilities, Weirdness & Mutations

You have a pair of horns on your head.
You reflexively headbutt those who attack you in melee.


Message History

The merfolk javelineer throws a javelin.
The javelin pierces through you but does no damage.
Your unstable footing causes you to fumble your attack.
You block the merfolk impaler's attack.
A manticore comes into view.
You block the merfolk impaler's attack.
You slice the merfolk javelineer!! You burn the merfolk javelineer.
You headbutt the merfolk javelineer!
The merfolk javelineer is severely wounded.
The merfolk javelineer throws a javelin.
The javelin pierces through you.
* * * LOW HITPOINT WARNING * * *
You block the merfolk impaler's attack. x2
The merfolk javelineer throws a javelin.
The javelin completely misses you.
You barely miss the merfolk javelineer.
The merfolk javelineer is severely wounded.
You block the merfolk impaler's attack.
You closely miss the merfolk javelineer.
Your headbutt misses the merfolk javelineer.
The merfolk javelineer is severely wounded.
The merfolk javelineer throws a javelin.
The javelin pierces through you but does no damage.
The merfolk javelineer throws a javelin.
The javelin pierces through you.
* * * LOW HITPOINT WARNING * * *
You block the merfolk impaler's attack.
You slice the merfolk javelineer!! You burn the merfolk javelineer.
You kill the merfolk javelineer!
Trog accepts your kill.
You hear a splash. x3
Your lightning rod (4/4) has regained one charge.
The merfolk impaler attacks as it pursues you!
The merfolk impaler hits you from afar with a +1 trident of freezing!
* * * LOW HITPOINT WARNING * * *
The merfolk javelineer throws a javelin.
The javelin barely misses you.
The merfolk javelineer throws a javelin.
The javelin pierces through you.
You die...

≈≈≈≈≈≈≈≈≈≈≈≈≈≈≈≈≈≈≈≈≈
≈≈≈≈≈≈≈≈≈≈≈≈≈≈≈≈≈≈≈≈≈≈
≈≈≈≈≈≈≈≈≈≈≈~~~~~≈≈≈≈≈≈
≈≈≈≈≈≈≈≈~~~~)~~~~~≈≈≈≈
~≈≈≈≈≈≈~~~∩~)~~~~~~~~~
#~≈≈≈≈~~~~~)).~~~~~~~~
#~~≈~~~~~~....)~.~~~~~
##~~~~~)~~).......~~~
#~~~mm~@~~~~......~~~
#~~~~m)~~~~~..(....~~
##~≈≈≈~m.~~~.........
#~≈m~....~~.........
#~~~.....~~.........
,#~~~~.....~H....
#~~~~~...~~~....
#~~~~~~.~≈~~.... ~


You could see 3 merfolk impalers, 2 merfolk javelineers and a manticore.

Vanquished Creatures
  Polyphemus (Shoals:3)
  A kraken (Shoals:2)
  2 frost giants (IceCv)
  An orc warlord (Orc:1)
  A stone giant (Shoals:1)
  A white draconian (IceCv)
  Snorg (Orc:2)
  Josephine (Lair:5)
  A fire dragon (D:15)
  2 merfolk javelineers
  3 merfolk impalers
  3 ice dragons
  An ogre mage (D:13)
  3 merfolk avatars
  The ghost of Livid the Gouger, a journeyman FeSh of Elyvilon (Lair:3)
  5 boulder beetles
  2 alligator snapping turtles (Shoals:3)
  5 catoblepae
  6 centaur warriors
  6 ironbound frosthearts (IceCv)
  2 death yaks (Shoals:3)
  2 merfolk aquamancers
  3 satyrs
  4 two-headed ogres
  An orc high priest (Orc:2)
  3 thrashing horrors (Lair:5)
  Sonja (Lair:5)
  2 large abominations (Lair:5)
  7 skysharks
  6 sea snakes
  An orange crystal statue (IceCv)
  5 orc knights
  8 harpies
  A deep elf pyromancer (D:10)
  14 cyclopes
  18 fauns
  3 orc sorcerers (Orc:2)
  13 manticores
  An ice statue (Shoals:4)
  17 elephants
  17 ugly things
  8 merfolk sirens
  6 black mambas
  2 torpor snails
  3 meliai (D:15)
  3 kobold blastminers (Orc:1)
  2 water nymphs
  2 smoke demons (Lair:5)
  20 cane toads
  A gargoyle (D:12)
  10 rime drakes
  4 yaktaurs
  11 komodo dragons
  A yaktaur (shapeshifter) (D:13)
  An unseen horror (D:13)
  A kobold demonologist (D:12)
  13 merfolk
  5 trolls
  23 polar bears
  3 wind drakes (Shoals:3)
  A raiju (shapeshifter) (Lair:5)
  29 blink frogs
  2 snapping turtles (Shoals:1)
  2 raiju (Lair:5)
  11 slime creatures
  13 dream sheep
  3 jumping spiders (Lair:3)
  7 spriggans
  4 water elementals
  A ynoxinul (Lair:5)
  A spriggan (shapeshifter) (Lair:5)
  46 yaks
  2 vampires
  3 wyverns
  5 wraiths
  A warg (Orc:1)
  10 basilisks
  5 vampire mosquitoes
  A redback (Lair:3)
  3 acid dragons
  17 water moccasins
  24 orc warriors
  2 black bears
  3 ice beasts
  A boggart (shapeshifter) (D:14)
  19 centaurs
  10 ogres
  15 wolves
  2 laughing skulls (D:15)
  A boggart (D:13)
  A phantom (D:5)
  8 kobold brigands
  15 bullfrogs
  A gnoll sergeant (D:7)
  5 scorpions
  11 small abominations (Lair:5)
  7 wights
  9 killer bees (D:8)
  2 howler monkeys
  7 electric eels
  2 bombardier beetles
  11 hounds
  4 jellies
  26 orc priests
  6 iguanas
  3 sleepcaps
  Crazy Yiuf (D:7)
  30 orc wizards
  5 gnolls
  10 adders
  A dart slug (D:1)
  A ribbon worm (D:5)
  62 orcs
  8 ball pythons
  4 bats
  5 endoplasms
  5 giant cockroaches
  8 goblins
  7 hobgoblins
  5 jackals
  2 quokkas
  3 frilled lizards
  31 kobolds
  4 rats
  4 tentacles (Shoals:2)
853 creatures vanquished.

Vanquished Creatures (collateral kills)
  A merfolk impaler (Shoals:4)
  A merfolk aquamancer (Shoals:4)
  An ice statue (Shoals:4)
  4 merfolk (Shoals:4)
7 creatures vanquished.

Vanquished Creatures (others)
  A sea snake (Shoals:4)
  2 harpies (Shoals:4)
  A queen bee (shapeshifter) (Lair:5)
  A merfolk (Shoals:4)
  A water elemental (Shoals:4)
  A yak (D:8)
  4 tentacles (Shoals:2)
11 creatures vanquished.

Grand Total: 871 creatures vanquished

Notes
Turn   | Place    | Note
-------+----------+-------------------------------------------
     0 | D:1      | SCHOOLBUS the Minotaur Berserker began the quest for the
                  | Orb.
     0 | D:1      | Reached XP level 1. HP: 19/19 MP: 0/0
    60 | D:1      | Reached XP level 2. HP: 27/27 MP: 1/1
   582 | D:1      | Reached XP level 3. HP: 33/33 MP: 2/2
   711 | D:1      | Reached ** piety under Trog
   792 | D:1      | Found a faded altar of an unknown god.
   971 | D:2      | Noticed a scorpion
   982 | D:2      | Killed a scorpion
   983 | D:2      | Reached skill level 5 in Axes
   983 | D:2      | Reached skill level 1 in Shields
   983 | D:2      | Reached XP level 4. HP: 41/41 MP: 3/3
  1124 | D:2      | Reached skill level 5 in Fighting
  1302 | D:2      | Reached XP level 5. HP: 44/48 MP: 4/4
  2625 | D:3      | Reached XP level 6. HP: 46/57 MP: 5/5
  2809 | D:4      | Found a stormy altar of Qazlal.
  2813 | D:4      | Reached *** piety under Trog
  2843 | D:4      | Found an ornate altar of the Wu Jian Council.
  3087 | D:4      | Found an ancient bone altar of Kikubaaqudgha.
  3144 | D:4      | Reached XP level 7. HP: 64/64 MP: 6/6
  3174 | D:4      | Found a staircase to the Ecumenical Temple.
  3475 | D:4      | Found an iron altar of Okawaru.
  3646 | D:5      | Entered Level 5 of the Dungeon
  3779 | D:5      | Found a broken altar of Ashenzari.
  3821 | D:5      | Found a shimmering blue altar of Sif Muna.
  3924 | D:5      | Reached skill level 1 in Evocations
  3924 | D:5      | Reached XP level 8. HP: 73/73 MP: 7/7
  3997 | D:5      | Found a hide-covered altar of Uskayaw.
  4176 | D:5      | Found an opulent altar of Gozag.
  5146 | D:6      | Found a sparkling altar of Nemelex Xobeh.
  6127 | D:6      | Found a sparkling altar of Nemelex Xobeh.
  6826 | D:7      | Reached **** piety under Trog
  7149 | D:7      | Reached skill level 5 in Shields
  7355 | D:7      | Found a blossoming altar of Fedhas.
  7367 | D:7      | Reached XP level 9. HP: 82/82 MP: 8/8
  7550 | D:7      | Found a runed translucent door.
  7551 | D:7      | Noticed Crazy Yiuf
  7579 | D:7      | Noticed a boulder beetle
  7602 | D:7      | Noticed a troll
  8007 | D:7      | Killed a troll
  8018 | D:7      | Killed a boulder beetle
  8019 | D:7      | Reached skill level 10 in Axes
  8019 | D:7      | Reached skill level 5 in Armour
  8191 | D:7      | Killed Crazy Yiuf
  8432 | D:8      | Reached skill level 5 in Dodging
  8488 | D:8      | Reached skill level 10 in Fighting
  8623 | D:8      | Reached XP level 10. HP: 93/93 MP: 9/9
  9194 | D:8      | Found a white marble altar of Elyvilon.
 10472 | D:9      | Found a runed translucent gate.
 10472 | D:9      | Found a runed translucent gate.
 10472 | D:9      | Found a runed translucent gate.
 10474 | D:9      | Noticed Sweeb's ghost (novice DsGl)
 10475 | D:9      | Noticed a nine-headed hydra
 10475 | D:9      | Noticed a ten-headed hydra
 10506 | D:10     | Entered Level 10 of the Dungeon
 11087 | D:10     | Found a sacrificial altar of Ru.
 11768 | D:10     | Found a staircase to the Lair.
 11968 | D:10     | Found a staircase to the Orcish Mines.
 11982 | D:10     | Reached ***** piety under Trog
 12018 | D:10     | Reached XP level 11. HP: 102/102 MP: 10/10
 12252 | D:10     | Noticed a deep elf pyromancer
 12259 | D:10     | Killed a deep elf pyromancer
 12867 | Lair:1   | Entered Level 1 of the Lair of Beasts
 12886 | Lair:1   | Reached skill level 5 in Evocations
 14312 | Lair:1   | Reached XP level 12. HP: 84/113 MP: 7/11
 14474 | Lair:1   | Noticed a catoblepas
 14486 | Lair:1   | Killed a catoblepas
 15101 | Lair:1   | Received a gift from Trog
 16414 | Lair:2   | Noticed a catoblepas
 16456 | Lair:2   | Killed a catoblepas
 16919 | Lair:3   | Reached XP level 13. HP: 91/123 MP: 8/12
 17046 | Lair:3   | Reached skill level 10 in Shields
 17116 | Lair:3   | Found a runed translucent door.
 17122 | Lair:3   | Noticed Livid's ghost (journeyman FeSh)
 17131 | Lair:3   | Found a hole to the Spider Nest.
 17145 | Lair:3   | Reached skill level 10 in Armour
 17190 | Lair:3   | Killed Livid's ghost
 17943 | Lair:3   | Found a staircase to the Shoals.
 18627 | Lair:4   | Identified the +5 triple sword of the Hills {heavy, *Rage
                  | rElec rPois Str-3} (Trog gifted it to you on level 4 of the
                  | Lair of Beasts)
 18627 | Lair:4   | Received a gift from Trog
 19267 | Lair:5   | Entered Level 5 of the Lair of Beasts
 19296 | Lair:5   | Reached skill level 10 in Dodging
 19300 | Lair:5   | Noticed Josephine
 19308 | Lair:5   | Killed Josephine
 19467 | Lair:5   | Reached XP level 14. HP: 116/133 MP: 13/13
 19528 | Lair:5   | Noticed Sonja
 19532 | Lair:5   | Killed Sonja
 20013 | Lair:5   | Reached skill level 15 in Axes
 20118 | Lair:5   | Reached ****** piety under Trog
 20129 | Lair:5   | Reached skill level 15 in Fighting
 20366 | Lair:5   | Found a corrupted altar of Lugonu.
 20366 | Lair:5   | Found a one-way gate to the infinite horrors of the Abyss.
 20582 | Lair:5   | Found a viscous altar of Jiyva.
 20582 | Lair:5   | Found a staircase to the Slime Pits.
 21358 | D:11     | Identified the +7 war axe of Sajelat {flame, rCorr} (Trog
                  | gifted it to you on level 11 of the Dungeon)
 21358 | D:11     | Received a gift from Trog
 22994 | D:13     | Found a gate to the Vaults.
 24198 | D:14     | Received a gift from Trog
 24967 | D:15     | Entered Level 15 of the Dungeon
 25269 | D:15     | Reached XP level 15. HP: 104/141 MP: 6/14
 25549 | D:15     | Found Vouhozxu's Antique Weapon Emporium.
 25866 | D:15     | Found a staircase to the Depths.
 26183 | D:15     | Found Rucvou's Jewellery Emporium.
 26189 | D:15     | Bought the ring of the Bellicose God {rC++ rN+ Int+2} for
                  | 876 gold pieces
 26609 | Orc:1    | Entered Level 1 of the Orcish Mines
 26663 | Orc:2    | Entered Level 2 of the Orcish Mines
 27187 | Orc:2    | Noticed Snorg
 27190 | Orc:2    | Found Xigg's General Store.
 27201 | Orc:2    | Killed Snorg
 27312 | Orc:2    | Bought a wand of iceblast (3) for 93 gold pieces
 27312 | Orc:2    | Bought a potion of curing for 39 gold pieces
 27312 | Orc:2    | Bought a scroll of brand weapon for 123 gold pieces
 27312 | Orc:2    | Bought a lightning rod (4/4) for 520 gold pieces
 27312 | Orc:2    | Bought a potion of invisibility for 104 gold pieces
 27312 | Orc:2    | Bought a scroll of immolation for 52 gold pieces
 27312 | Orc:2    | Bought a scroll of poison for 52 gold pieces
 27352 | Orc:2    | Found Pafairr's Antique Weapon Shop.
 27493 | Orc:2    | Found a staircase to the Elven Halls.
 27515 | Orc:2    | Found Fesev's Book Shop.
 27530 | Orc:2    | Found Ubipn's Antique Armour Shop.
 27537 | Orc:2    | Bought a pair of glowing gloves for 285 gold pieces
 27644 | Orc:1    | Received a gift from Trog
 28453 | Shoals:1 | Entered Level 1 of the Shoals
 28560 | Shoals:1 | Found Vootecvu's Jewellery Boutique.
 28888 | Shoals:1 | Identified the +8 quarterstaff "Murmur" {heavy, rCorr MP-9
                  | Str+10 Int-3}
 29592 | Shoals:2 | Received a gift from Trog
 29721 | Shoals:2 | Reached skill level 10 in Evocations
 29935 | Shoals:2 | Noticed a kraken
 29953 | Shoals:2 | Killed a kraken
 29954 | Shoals:2 | Reached XP level 16. HP: 152/152 MP: 15/15
 30595 | Shoals:3 | Noticed Polyphemus
 30611 | Shoals:3 | Killed Polyphemus
 30914 | Shoals:3 | Received a gift from Trog
 31832 | Shoals:4 | Entered Level 4 of the Shoals
 31859 | Shoals:4 | Found a glacial archway.
 32261 | IceCv    | Entered an ice cave
 32647 | IceCv    | Identified the +7 war axe "Xoafoath" {flame, rF+ Dex+3}
                  | (Trog gifted it to you in an ice cave)
 32647 | IceCv    | Received a gift from Trog
 33729 | IceCv    | Identified 3 scrolls of acquirement
 33730 | IceCv    | Acquired 986 gold pieces
 33732 | IceCv    | Acquired the +3 pair of mountain boots {steadfast, rC+}
 33732 | IceCv    | Found the +3 pair of mountain boots {steadfast, rC+}
 33745 | IceCv    | Acquired the amulet of Laileaj {RegenMP rPois rN+ Str+3
                  | Dex-5}
 34036 | Shoals:4 | Reached XP level 17. HP: 57/162 MP: 16/16
 34038 | Shoals:4 | Found Ontu's Antique Armour Shop.
 34122 | Shoals:4 | HP: 6/162 [merfolk aquamancer/torrent of water (31)]
 34132 | Shoals:4 | HP: 9/243 [merfolk javelineer/javelin (4)]
 34136 | Shoals:4 | HP: 1/243 [merfolk impaler/+1 trident of freezing (9)]
 34136 | Shoals:4 | Hit by a javelin thrown by a merfolk javelineer

Illustrated notes

Levels and vault maps discovered:
D:1:      reono_arrival_mine, layout_loops_ring,
          hellmonk_ecumenical_altar_dog_temple, kennysheep_decorative_pillar
D:2:      layout_rooms, cheibrodos_gnoll_hut
D:3:      layout_loops_cross
D:4:      layout_basic, nicolae_wu_jian_wuxing_cycle, mainiacjoe_overflow_paths,
          mainiacjoe_overflow_boulevard, okawaru_trees_1,
          minmay_temple_entry_butterflies, minmay_distorted
D:5:      cheibrodos_helix_gallery, layout_rooms,
          nicolae_gozag_cash_rules_everything_around_me,
          mainiacjoe_overflow_concentric_impassable,
          nicolae_overflow_crystal_walls, mainiacjoe_overflow_24_doors
D:6:      nicolae_cairo_tiling, layout_layer_cave,
          mainiacjoe_overflow_tiny_flanked, kennysheep_generic_room_7
D:7:      minmay_blocky_corners, layout_rooms, fedhas_ov_isle_minmay,
          corexii_corridor_pit, uniq_crazy_yiuf_cottage
D:8:      layout_rooms, mainiacjoe_overflow_brackets, nicolae_eternal_life,
          chequers_big_river
D:9:      layout_cave_pools, gammafunk_ghost_hydra_chop,
          kennysheep_generic_room_15
D:10:     layout_layer_cave, nicolae_ru_path_of_blood, erik_lair_island,
          minmay_orc_entry_temple_small
D:11:     layout_roguey
D:12:     layout_irregular_city, nicolae_concentric_dashed_squares_wild
D:13:     layout_stronghold, hangedman_vaults_entry_quadrant_bands
D:14:     layout_grid_maze, minmay_misc_feat_alley, minmay_microvault
D:15:     grunt_enter_depths_hoard, layout_loops_ring, serial_shops, shop,
          nicolae_shop_rolling_square, nicolae_zig_zag_zippers
Lair:1:   layout_roguey, nzn_random_ring, infiniplex_staircase_pool_2,
          serial_bayou_shore_a, grunt_megastairs_3
Lair:2:   layout_roguey
Lair:3:   layout_regular_city, minmay_shoals_entry_centaurs,
          spider_nest_entry_a, hellmonk_ghost_happy_afterlife, minivault_24,
          gammafunk_lair_bear_cave, lemuel_fruit_tree, serial_bayou_shore_b,
          serial_bayou_shore_b, grunt_megastairs_4
Lair:4:   layout_cave_pods, wad_woods_01
Lair:5:   hellmonk_lair_end_abyssal_woods, layout_regular_city,
          dpeg_slime_entry_enclosed, grunt_megastairs_2, uniq_sonja,
          uniq_josephine
Shoals:1: layout_shoals, serial_shops, shop, st_cyclops
Shoals:2: layout_shoals
Shoals:3: nzn_motion_control, layout_shoals, nicolae_shoals_shepherds,
          uniq_polyphemus
Shoals:4: shoals_end_grunt_ice, layout_shoals, serial_shops, shop,
          portal_ice_cave_entry_ice_statue_two
Orc:1:    layout_diamond_mine
Orc:2:    grunt_orc_cross, layout_caves, uniq_snorg

Skill      XL: |  1  2  3  4  5  6  7  8  9 10 11 12 13 14 15 16 |
---------------+-------------------------------------------------+-----
Fighting       | 4 5 6 7 8 10 11 12 13 14 15 16 17 | 17.5
Axes           | 4 5 6 7 9 10 11 12 13 14 15 16 17 | 17.6
Shields        | 1 2 3 4 5 6 7 8 9 11 12 13 14 | 14.6
Armour         | 3 4 5 6 8 9 11 12 13 14 | 14.9
Evocations     | 1 2 3 4 5 6 8 9 10 11 | 11.1
Dodging        | 3 5 6 7 8 10 11 12 13 | 13.7

Action                     |  1- 3 |  4- 6 |  7- 9 | 10-12 | 13-15 | 16-18 || total
---------------------------+-------+-------+-------+-------+-------+-------++-------
  Melee: Hand axe          |    69 |   110 |   210 |       |       |       ||   389
         Headbutt          |     4 |    14 |    53 |   105 |   222 |   109 ||   507
         War axe           |       |       |    49 |   373 |       |       ||   422
         Broad axe         |       |       |       |   130 |  1039 |   489 ||  1658
 Invoke: Berserk           |     3 |     2 |     6 |     8 |    10 |     5 ||    34
         Trog's Hand       |       |       |       |       |     5 |     9 ||    14
         Brothers in Arms  |       |       |       |       |       |     1 ||     1
  Evoke: Wand              |       |       |     2 |     6 |     4 |    10 ||    22
         Lightning rod     |       |       |       |       |       |     2 ||     2
         Sack of spiders   |       |       |       |       |       |     1 ||     1
    Use: Scroll            |       |     3 |    10 |     8 |    10 |     8 ||    39
         Potion            |       |       |     1 |     3 |     3 |     7 ||    14
   Stab: Sleeping          |       |     1 |       |       |       |       ||     1
         Petrified         |       |       |       |    13 |       |    16 ||    29
         Petrifying        |       |       |       |       |       |     3 ||     3
 Armour: Animal skin       |    41 |    31 |       |       |       |       ||    72
         Leather armour    |       |    23 |     7 |       |       |       ||    30
         Ring mail         |       |       |    50 |       |       |       ||    50
         Plate armour      |       |       |   132 |   426 |   557 |       ||  1115
         Chain mail        |       |       |       |       |   103 |   468 ||   571
  Dodge: Dodged            |    55 |    65 |   112 |   155 |   257 |   166 ||   810
  Block: Buckler           |     6 |    15 |    49 |    91 |       |       ||   161
         Tower shield      |       |       |       |    79 |  1096 |   722 ||  1897
         Reflection        |       |       |       |       |    36 |    69 ||   105
